 Dungeon Crawl Stone Soup version 0.27.1-34-g3ba077fa99 (webtiles) character file.

Game seed: 18056362038151478842

70 cbfl8 the Sneak (level 4, -3/40 HPs)
             Began as a Minotaur Delver on Jan 14, 2022.
             Slain by a gnoll shaman (7 damage)
             ... on level 5 of the Dungeon.
             The game lasted 00:01:28 (157 turns).

cbfl8 the Sneak (Minotaur Delver)                    Turns: 157, Time: 00:01:28

Health: -3/40      AC:  3    Str: 17    XL:     4   Next: 4%
Magic:  3/3        EV: 12    Int:  8    God:
Gold:   0          SH:  0    Dex: 11    Spells: 3/3 levels left

rFire    . . .     SeeInvis .   a - +0 hand axe
rCold    . . .     Faith    .   (no shield)
rNeg     . . .     Spirit   .   b - +0 leather armour
rPois    .         Reflect  .   (helmet restricted)
rElec    .         Harm     .   (no cloak)
rCorr    .         Rampage  .   (no gloves)
Will     .....                  (no boots)
Stlth    ++........             (no amulet)
HPRegen  0.13/turn              (no ring)
MPRegen  0.08/turn              (no ring)

@: no status effects
A: horns 2, retaliatory headbutt
a: no special abilities


You were on level 5 of the Dungeon.
You visited 1 branch of the dungeon, and saw 2 of its levels.

Inventory:

Hand Weapons
 a - a +0 hand axe (weapon)
Armour
 b - a +0 leather armour (worn)
Wands
 g - a wand of digging (3)
Scrolls
 c - a scroll of fog
 d - a scroll of magic mapping


   Skills:
 + Level 4.2 Fighting
 + Level 2.7 Axes
 + Level 0.1 Armour
 + Level 2.3 Dodging
 + Level 5.0 Stealth


You had 3 spell levels left.
You didn't know any spells.
Your spell library was empty.

Dungeon Overview and Level Annotations

Branches:
Dungeon (6/15)
 Temple: D:4-7

Altars:


Innate Abilities, Weirdness & Mutations

You have a pair of horns on your head.
You reflexively headbutt those who attack you in melee.


Message History

A killer bee zombie comes into view.
A killer bee zombie is nearby!
An orc comes into view. It is wielding a +0 hand axe.
There is a stone staircase leading up here.
You can't go down here!
You climb upwards.
There is a stone staircase leading down here.
A gnoll comes into view. It is wielding a +0 halberd.
The gnoll shouts!
You hear a shout! x2
The gnoll shaman mumbles some strange prayers to its god against you.
You are outlined in light.
Found a scroll of magic mapping.
Found 14 gold pieces.
Found a twisted glass wand.
You see here a scroll of magic mapping.
Found a blackened steel ring.
The gnoll shaman calls upon its god to speed up something.
You see here 14 gold pieces.
Your extra speed is starting to run out.
You start resting.
A gnoll shaman is nearby!
A gnoll shaman is nearby!
You feel yourself slow down.
You are no longer glowing.
The gnoll hits you from afar with a +0 halberd.
* * * LOW HITPOINT WARNING * * *
The gnoll barely misses you.
As you read the scroll of fear, it crumbles to dust.
You assume a fearsome visage.
The gnoll shaman looks frightened!
The gnoll looks frightened!
You start resting.
A gnoll shaman is nearby!
A gnoll shaman is nearby!
The gnoll shaman shouts!
You hear a shout! x2
A gnoll comes into view. It is wielding a +0 flail.
The gnoll shouts!
You hear a shout!
The gnoll hits you with a +0 flail!
* * * LOW HITPOINT WARNING * * *
The gnoll shaman hits you with a +0 whip!
You die...

.####...###...##
......### #...#######
#....g# ##.#...##..#
####..# ##..###.....#
##g###...####....##
#........###.....##
##...g....#.......##
#..##.....g.......#
#......##g.@.....##
#....######...$...#
....### #...../.#
##....# ###.....##
##.....## ##..=...#.#
#...#...##....##.####
#....#.....### #?#
#..##..## #.#
#.......## #.#


You could see a gnoll shaman and 2 gnolls.

Vanquished Creatures
  A howler monkey (D:6)
  A killer bee zombie (D:6)
  An ufetubus (D:6)
  3 orcs (D:6)
6 creatures vanquished.

Notes
Turn   | Place    | Note
-------+----------+-------------------------------------------
     0 | D:5      | cbfl8 the Minotaur Delver began the quest for the Orb.
     0 | D:5      | Reached XP level 1. HP: 19/19 MP: 0/0
     4 | D:5      | Noticed a gnoll shaman
    10 | D:6      | Noticed a howler monkey
    15 | D:6      | Killed a howler monkey
    16 | D:6      | Reached XP level 2. HP: 25/27 MP: 1/1
    16 | D:6      | Reached XP level 3. HP: 31/33 MP: 2/2
    35 | D:6      | Reached skill level 5 in Stealth
    45 | D:6      | Reached XP level 4. HP: 5/40 MP: 3/3
   157 | D:5      | Slain by a gnoll shaman

Illustrated notes

Levels and vault maps discovered:
D:5:      layout_layer_cave, amcnicky_mini_pool_small
D:6:      layout_loops_ring, nicolae_overflow_hidden_temple, serial_shops,
          nicolae_shop_trees

Skill      XL: |  1  2  3 |
---------------+----------+-----
Fighting       | 4 |  4.2
Stealth        | 5 |  5.0
Axes           | |  2.7
Armour         | |  0.1
Dodging        | |  2.3

Action                   |  1- 3 |  4- 6 || total
-------------------------+-------+-------++-------
Melee: Hand axe          |    19 |       ||    19
       Headbutt          |     4 |       ||     4
  Use: Scroll            |     1 |     1 ||     2
       Potion            |     1 |       ||     1
Armor: Leather armour    |     4 |       ||     4
Dodge: Dodged            |    20 |     1 ||    21
